Workbook

Sheet Tarefas
A1: ID da Tarefa | B1: Título da Tarefa | C1: Descrição | D1: Responsável | E1: Área/Projeto | F1: Cliente | G1: Cidade | H1: Data de Criação | I1: Data de Início | J1: Prazo | K1: Data de Conclusão | L1: Prioridade | M1: Status | N1: % Concluído | O1: Estimativa (h) | P1: Horas Realizadas | Q1: Custo Estimado | R1: Custo Real | S1: Dias Restantes | T1: Situação do Prazo | U1: Desvio de Custo | V1: Observações
A2: TSK-001 | B2: Revisar proposta comercial | C2: Conferir escopo, valores e condições antes do envio ao cliente. | D2: Maria Oliveira | E2: Comercial | F2: Cliente Horizonte Ltda. | G2: São Paulo | H2: 46260 | I2: 46262 | J2: 46275 | L2: Alta | M2: Em andamento | N2: 0.7 | O2: 12 | P2: 8.5 | Q2: 2400 | R2: 2100 | S2: =IF('Tarefas'!M2="Concluída",0,IF('Tarefas'!J2="","",'Tarefas'!J2-TODAY())) | T2: =IF('Tarefas'!M2="","",IF('Tarefas'!M2="Concluída","Concluída",IF('Tarefas'!J2="","Sem prazo",IF('Tarefas'!S2<0,"Atrasada",IF('Tarefas'!S2<=2,"Próxima do prazo","No prazo"))))) | U2: =IF(AND('Tarefas'!Q2="",'Tarefas'!R2=""),"",IFERROR('Tarefas'!R2-'Tarefas'!Q2,0))
A3: TSK-002 | B3: Emitir NF-e de serviços | C3: Emitir nota fiscal referente aos serviços prestados no período. | D3: João Silva | E3: Financeiro | F3: Clínica Bem Estar | G3: Campinas | H3: 46267 | I3: 46270 | J3: 46273 | L3: Crítica | M3: Não iniciada | N3: 0 | O3: 2 | P3: 0 | Q3: 600 | R3: 0 | S3: =IF('Tarefas'!M3="Concluída",0,IF('Tarefas'!J3="","",'Tarefas'!J3-TODAY())) | T3: =IF('Tarefas'!M3="","",IF('Tarefas'!M3="Concluída","Concluída",IF('Tarefas'!J3="","Sem prazo",IF('Tarefas'!S3<0,"Atrasada",IF('Tarefas'!S3<=2,"Próxima do prazo","No prazo"))))) | U3: =IF(AND('Tarefas'!Q3="",'Tarefas'!R3=""),"",IFERROR('Tarefas'!R3-'Tarefas'!Q3,0))
A4: TSK-003 | B4: Atualizar cadastro de fornecedores | C4: Validar contatos, documentos e condições comerciais dos fornecedores. | D4: Pedro Santos | E4: Administrativo | F4: Interno | G4: Belo Horizonte | H4: 46263 | I4: 46265 | J4: 46280 | L4: Média | M4: Em andamento | N4: 0.4 | O4: 10 | P4: 4 | Q4: 1200 | R4: 520 | S4: =IF('Tarefas'!M4="Concluída",0,IF('Tarefas'!J4="","",'Tarefas'!J4-TODAY())) | T4: =IF('Tarefas'!M4="","",IF('Tarefas'!M4="Concluída","Concluída",IF('Tarefas'!J4="","Sem prazo",IF('Tarefas'!S4<0,"Atrasada",IF('Tarefas'!S4<=2,"Próxima do prazo","No prazo"))))) | U4: =IF(AND('Tarefas'!Q4="",'Tarefas'!R4=""),"",IFERROR('Tarefas'!R4-'Tarefas'!Q4,0))
A5: TSK-004 | B5: Preparar apuração do DAS | C5: Conferir receitas, despesas e preparar os valores para apuração mensal. | D5: Ana Souza | E5: Fiscal | F5: MEI Sabor Caseiro | G5: Curitiba | H5: 46258 | I5: 46260 | J5: 46270 | L5: Crítica | M5: Em andamento | N5: 0.8 | O5: 8 | P5: 7 | Q5: 900 | R5: 1180 | S5: =IF('Tarefas'!M5="Concluída",0,IF('Tarefas'!J5="","",'Tarefas'!J5-TODAY())) | T5: =IF('Tarefas'!M5="","",IF('Tarefas'!M5="Concluída","Concluída",IF('Tarefas'!J5="","Sem prazo",IF('Tarefas'!S5<0,"Atrasada",IF('Tarefas'!S5<=2,"Próxima do prazo","No prazo"))))) | U5: =IF(AND('Tarefas'!Q5="",'Tarefas'!R5=""),"",IFERROR('Tarefas'!R5-'Tarefas'!Q5,0))
A6: TSK-005 | B6: Reunião de alinhamento mensal | C6: Realizar reunião de resultados, pendências e próximos passos. | D6: Carlos Pereira | E6: Projetos | F6: Construtora Alfa | G6: Rio de Janeiro | H6: 46259 | I6: 46262 | J6: 46274 | K6: 46271 | L6: Média | M6: Concluída | N6: 1 | O6: 3 | P6: 3 | Q6: 600 | R6: 580 | S6: =IF('Tarefas'!M6="Concluída",0,IF('Tarefas'!J6="","",'Tarefas'!J6-TODAY())) | T6: =IF('Tarefas'!M6="","",IF('Tarefas'!M6="Concluída","Concluída",IF('Tarefas'!J6="","Sem prazo",IF('Tarefas'!S6<0,"Atrasada",IF('Tarefas'!S6<=2,"Próxima do prazo","No prazo"))))) | U6: =IF(AND('Tarefas'!Q6="",'Tarefas'!R6=""),"",IFERROR('Tarefas'!R6-'Tarefas'!Q6,0))
A7: TSK-006 | B7: Revisar política de privacidade LGPD | C7: Atualizar cláusulas, responsabilidades e orientações de tratamento de dados. | D7: Juliana Costa | E7: Jurídico | F7: Tecnologia Nova S.A. | G7: Brasília | H7: 46254 | I7: 46257 | J7: 46285 | L7: Alta | M7: Em andamento | N7: 0.35 | O7: 18 | P7: 6 | Q7: 4500 | R7: 1600 | S7: =IF('Tarefas'!M7="Concluída",0,IF('Tarefas'!J7="","",'Tarefas'!J7-TODAY())) | T7: =IF('Tarefas'!M7="","",IF('Tarefas'!M7="Concluída","Concluída",IF('Tarefas'!J7="","Sem prazo",IF('Tarefas'!S7<0,"Atrasada",IF('Tarefas'!S7<=2,"Próxima do prazo","No prazo"))))) | U7: =IF(AND('Tarefas'!Q7="",'Tarefas'!R7=""),"",IFERROR('Tarefas'!R7-'Tarefas'!Q7,0))
A8: TSK-007 | B8: Criar peças para campanha digital | C8: Preparar artes e textos para divulgação em canais digitais. | D8: Rafael Almeida | E8: Marketing | F8: Loja Viva | G8: Recife | H8: 46261 | I8: 46264 | J8: 46277 | L8: Alta | M8: Aguardando cliente | N8: 0.5 | O8: 20 | P8: 10 | Q8: 3000 | R8: 3450 | S8: =IF('Tarefas'!M8="Concluída",0,IF('Tarefas'!J8="","",'Tarefas'!J8-TODAY())) | T8: =IF('Tarefas'!M8="","",IF('Tarefas'!M8="Concluída","Concluída",IF('Tarefas'!J8="","Sem prazo",IF('Tarefas'!S8<0,"Atrasada",IF('Tarefas'!S8<=2,"Próxima do prazo","No prazo"))))) | U8: =IF(AND('Tarefas'!Q8="",'Tarefas'!R8=""),"",IFERROR('Tarefas'!R8-'Tarefas'!Q8,0))
A9: TSK-008 | B9: Conferir folha e encargos INSS/FGTS | C9: Validar folha de pagamento, guias e encargos antes do fechamento. | D9: Camila Ferreira | E9: RH | F9: Grupo Nordeste | G9: Salvador | H9: 46265 | I9: 46267 | J9: 46272 | L9: Crítica | M9: Em andamento | N9: 0.6 | O9: 14 | P9: 8.5 | Q9: 2000 | R9: 2200 | S9: =IF('Tarefas'!M9="Concluída",0,IF('Tarefas'!J9="","",'Tarefas'!J9-TODAY())) | T9: =IF('Tarefas'!M9="","",IF('Tarefas'!M9="Concluída","Concluída",IF('Tarefas'!J9="","Sem prazo",IF('Tarefas'!S9<0,"Atrasada",IF('Tarefas'!S9<=2,"Próxima do prazo","No prazo"))))) | U9: =IF(AND('Tarefas'!Q9="",'Tarefas'!R9=""),"",IFERROR('Tarefas'!R9-'Tarefas'!Q9,0))
A10: TSK-009 | B10: Inventário de equipamentos | C10: Registrar equipamentos, localização, estado de conservação e responsável. | D10: Lucas Rodrigues | E10: Operações | F10: Interno | G10: Porto Alegre | H10: 46268 | I10: 46271 | J10: 46290 | L10: Baixa | M10: Não iniciada | N10: 0 | O10: 24 | P10: 0 | Q10: 2800 | R10: 0 | S10: =IF('Tarefas'!M10="Concluída",0,IF('Tarefas'!J10="","",'Tarefas'!J10-TODAY())) | T10: =IF('Tarefas'!M10="","",IF('Tarefas'!M10="Concluída","Concluída",IF('Tarefas'!J10="","Sem prazo",IF('Tarefas'!S10<0,"Atrasada",IF('Tarefas'!S10<=2,"Próxima do prazo","No prazo"))))) | U10: =IF(AND('Tarefas'!Q10="",'Tarefas'!R10=""),"",IFERROR('Tarefas'!R10-'Tarefas'!Q10,0))
A11: TSK-010 | B11: Entregar relatório de resultados | C11: Consolidar indicadores, resultados e recomendações para apresentação. | D11: Fernanda Lima | E11: Projetos | F11: Instituto Crescer | G11: Fortaleza | H11: 46256 | I11: 46259 | J11: 46271 | K11: 46270 | L11: Alta | M11: Concluída | N11: 1 | O11: 16 | P11: 16.5 | Q11: 1800 | R11: 1750 | S11: =IF('Tarefas'!M11="Concluída",0,IF('Tarefas'!J11="","",'Tarefas'!J11-TODAY())) | T11: =IF('Tarefas'!M11="","",IF('Tarefas'!M11="Concluída","Concluída",IF('Tarefas'!J11="","Sem prazo",IF('Tarefas'!S11<0,"Atrasada",IF('Tarefas'!S11<=2,"Próxima do prazo","No prazo"))))) | U11: =IF(AND('Tarefas'!Q11="",'Tarefas'!R11=""),"",IFERROR('Tarefas'!R11-'Tarefas'!Q11,0))
S12: =IF('Tarefas'!M12="Concluída",0,IF('Tarefas'!J12="","",'Tarefas'!J12-TODAY())) | T12: =IF('Tarefas'!M12="","",IF('Tarefas'!M12="Concluída","Concluída",IF('Tarefas'!J12="","Sem prazo",IF('Tarefas'!S12<0,"Atrasada",IF('Tarefas'!S12<=2,"Próxima do prazo","No prazo"))))) | U12: =IF(AND('Tarefas'!Q12="",'Tarefas'!R12=""),"",IFERROR('Tarefas'!R12-'Tarefas'!Q12,0))
S13: =IF('Tarefas'!M13="Concluída",0,IF('Tarefas'!J13="","",'Tarefas'!J13-TODAY())) | T13: =IF('Tarefas'!M13="","",IF('Tarefas'!M13="Concluída","Concluída",IF('Tarefas'!J13="","Sem prazo",IF('Tarefas'!S13<0,"Atrasada",IF('Tarefas'!S13<=2,"Próxima do prazo","No prazo"))))) | U13: =IF(AND('Tarefas'!Q13="",'Tarefas'!R13=""),"",IFERROR('Tarefas'!R13-'Tarefas'!Q13,0))
S14: =IF('Tarefas'!M14="Concluída",0,IF('Tarefas'!J14="","",'Tarefas'!J14-TODAY())) | T14: =IF('Tarefas'!M14="","",IF('Tarefas'!M14="Concluída","Concluída",IF('Tarefas'!J14="","Sem prazo",IF('Tarefas'!S14<0,"Atrasada",IF('Tarefas'!S14<=2,"Próxima do prazo","No prazo"))))) | U14: =IF(AND('Tarefas'!Q14="",'Tarefas'!R14=""),"",IFERROR('Tarefas'!R14-'Tarefas'!Q14,0))
S15: =IF('Tarefas'!M15="Concluída",0,IF('Tarefas'!J15="","",'Tarefas'!J15-TODAY())) | T15: =IF('Tarefas'!M15="","",IF('Tarefas'!M15="Concluída","Concluída",IF('Tarefas'!J15="","Sem prazo",IF('Tarefas'!S15<0,"Atrasada",IF('Tarefas'!S15<=2,"Próxima do prazo","No prazo"))))) | U15: =IF(AND('Tarefas'!Q15="",'Tarefas'!R15=""),"",IFERROR('Tarefas'!R15-'Tarefas'!Q15,0))
S16: =IF('Tarefas'!M16="Concluída",0,IF('Tarefas'!J16="","",'Tarefas'!J16-TODAY())) | T16: =IF('Tarefas'!M16="","",IF('Tarefas'!M16="Concluída","Concluída",IF('Tarefas'!J16="","Sem prazo",IF('Tarefas'!S16<0,"Atrasada",IF('Tarefas'!S16<=2,"Próxima do prazo","No prazo"))))) | U16: =IF(AND('Tarefas'!Q16="",'Tarefas'!R16=""),"",IFERROR('Tarefas'!R16-'Tarefas'!Q16,0))
S17: =IF('Tarefas'!M17="Concluída",0,IF('Tarefas'!J17="","",'Tarefas'!J17-TODAY())) | T17: =IF('Tarefas'!M17="","",IF('Tarefas'!M17="Concluída","Concluída",IF('Tarefas'!J17="","Sem prazo",IF('Tarefas'!S17<0,"Atrasada",IF('Tarefas'!S17<=2,"Próxima do prazo","No prazo"))))) | U17: =IF(AND('Tarefas'!Q17="",'Tarefas'!R17=""),"",IFERROR('Tarefas'!R17-'Tarefas'!Q17,0))
S18: =IF('Tarefas'!M18="Concluída",0,IF('Tarefas'!J18="","",'Tarefas'!J18-TODAY())) | T18: =IF('Tarefas'!M18="","",IF('Tarefas'!M18="Concluída","Concluída",IF('Tarefas'!J18="","Sem prazo",IF('Tarefas'!S18<0,"Atrasada",IF('Tarefas'!S18<=2,"Próxima do prazo","No prazo"))))) | U18: =IF(AND('Tarefas'!Q18="",'Tarefas'!R18=""),"",IFERROR('Tarefas'!R18-'Tarefas'!Q18,0))
S19: =IF('Tarefas'!M19="Concluída",0,IF('Tarefas'!J19="","",'Tarefas'!J19-TODAY())) | T19: =IF('Tarefas'!M19="","",IF('Tarefas'!M19="Concluída","Concluída",IF('Tarefas'!J19="","Sem prazo",IF('Tarefas'!S19<0,"Atrasada",IF('Tarefas'!S19<=2,"Próxima do prazo","No prazo"))))) | U19: =IF(AND('Tarefas'!Q19="",'Tarefas'!R19=""),"",IFERROR('Tarefas'!R19-'Tarefas'!Q19,0))
S20: =IF('Tarefas'!M20="Concluída",0,IF('Tarefas'!J20="","",'Tarefas'!J20-TODAY())) | T20: =IF('Tarefas'!M20="","",IF('Tarefas'!M20="Concluída","Concluída",IF('Tarefas'!J20="","Sem prazo",IF('Tarefas'!S20<0,"Atrasada",IF('Tarefas'!S20<=2,"Próxima do prazo","No prazo"))))) | U20: =IF(AND('Tarefas'!Q20="",'Tarefas'!R20=""),"",IFERROR('Tarefas'!R20-'Tarefas'!Q20,0))
S21: =IF('Tarefas'!M21="Concluída",0,IF('Tarefas'!J21="","",'Tarefas'!J21-TODAY())) | T21: =IF('Tarefas'!M21="","",IF('Tarefas'!M21="Concluída","Concluída",IF('Tarefas'!J21="","Sem prazo",IF('Tarefas'!S21<0,"Atrasada",IF('Tarefas'!S21<=2,"Próxima do prazo","No prazo"))))) | U21: =IF(AND('Tarefas'!Q21="",'Tarefas'!R21=""),"",IFERROR('Tarefas'!R21-'Tarefas'!Q21,0))
S22: =IF('Tarefas'!M22="Concluída",0,IF('Tarefas'!J22="","",'Tarefas'!J22-TODAY())) | T22: =IF('Tarefas'!M22="","",IF('Tarefas'!M22="Concluída","Concluída",IF('Tarefas'!J22="","Sem prazo",IF('Tarefas'!S22<0,"Atrasada",IF('Tarefas'!S22<=2,"Próxima do prazo","No prazo"))))) | U22: =IF(AND('Tarefas'!Q22="",'Tarefas'!R22=""),"",IFERROR('Tarefas'!R22-'Tarefas'!Q22,0))
S23: =IF('Tarefas'!M23="Concluída",0,IF('Tarefas'!J23="","",'Tarefas'!J23-TODAY())) | T23: =IF('Tarefas'!M23="","",IF('Tarefas'!M23="Concluída","Concluída",IF('Tarefas'!J23="","Sem prazo",IF('Tarefas'!S23<0,"Atrasada",IF('Tarefas'!S23<=2,"Próxima do prazo","No prazo"))))) | U23: =IF(AND('Tarefas'!Q23="",'Tarefas'!R23=""),"",IFERROR('Tarefas'!R23-'Tarefas'!Q23,0))
... S101: =IF('Tarefas'!M101="Concluída",0,IF('Tarefas'!J101="","",'Tarefas'!J101-TODAY())) | T101: =IF('Tarefas'!M101="","",IF('Tarefas'!M101="Concluída","Concluída",IF('Tarefas'!J101="","Sem prazo",IF('Tarefas'!S101<0,"Atrasada",IF('Tarefas'!S101<=2,"Próxima do prazo","No prazo"))))) | U101: =IF(AND('Tarefas'!Q101="",'Tarefas'!R101=""),"",IFERROR('Tarefas'!R101-'Tarefas'!Q101,0))

Sheet Dashboard
A1: Assistente de Controle de Tarefas — Dashboard
A2: Total de Tarefas | C2: Tarefas Concluídas | E2: % Concluído Médio | G2: Tarefas Atrasadas
A3: =COUNTA('Tarefas'!$A$2:$A$101) | C3: =COUNTIF('Tarefas'!$M$2:$M$101,"Concluída") | E3: =IFERROR(AVERAGE('Tarefas'!$N$2:$N$101),0) | G3: =COUNTIF('Tarefas'!$T$2:$T$101,"Atrasada")
A4: Tarefas em Andamento | C4: Custo Estimado Total | E4: Custo Real Total | G4: Desvio Total de Custo
A5: =COUNTIF('Tarefas'!$M$2:$M$101,"Em andamento") | C5: =SUM('Tarefas'!$Q$2:$Q$101) | E5: =SUM('Tarefas'!$R$2:$R$101) | G5: =SUM('Tarefas'!$U$2:$U$101)
A8: Status | B8: Quantidade | D8: Prioridade | E8: Quantidade | G8: Consulta rápida por ID | H8: Status encontrado
A9: Não iniciada | B9: =COUNTIF('Tarefas'!$M$2:$M$101,'Dashboard'!A9) | D9: Baixa | E9: =COUNTIF('Tarefas'!$L$2:$L$101,'Dashboard'!D9) | G9: TSK-001 | H9: =IF('Dashboard'!G9="","",IFERROR(VLOOKUP('Dashboard'!G9,'Tarefas'!$A$2:$M$101,13,FALSE),""))
A10: Em andamento | B10: =COUNTIF('Tarefas'!$M$2:$M$101,'Dashboard'!A10) | D10: Média | E10: =COUNTIF('Tarefas'!$L$2:$L$101,'Dashboard'!D10)
A11: Aguardando cliente | B11: =COUNTIF('Tarefas'!$M$2:$M$101,'Dashboard'!A11) | D11: Alta | E11: =COUNTIF('Tarefas'!$L$2:$L$101,'Dashboard'!D11)
A12: Concluída | B12: =COUNTIF('Tarefas'!$M$2:$M$101,'Dashboard'!A12) | D12: Crítica | E12: =COUNTIF('Tarefas'!$L$2:$L$101,'Dashboard'!D12)
A13: Cancelada | B13: =COUNTIF('Tarefas'!$M$2:$M$101,'Dashboard'!A13)

Sheet Instruções
A1: Assistente de Controle de Tarefas — Como usar
A3: Etapa | B3: Orientação
A4: 1. Atualize a tabela | B4: Preencha ou atualize as células amarelas na aba Tarefas. Elas indicam campos de preenchimento manual.
A5: 2. Informe as datas | B5: Use o padrão DD/MM/AAAA para datas de criação, início, prazo e conclusão.
A6: 3. Registre a evolução | B6: Atualize % Concluído, status, horas realizadas e custos conforme cada tarefa avança.
A7: 4. Acompanhe os prazos | B7: A coluna Situação do Prazo é calculada automaticamente com base no prazo e no status informado.
A8: 5. Finalize corretamente | B8: Tarefas concluídas devem ter % Concluído igual a 100% e Data de Conclusão preenchida.
A9: 6. Consulte o dashboard | B9: O Dashboard é atualizado automaticamente ao alterar os dados da tabela principal e ajuda a acompanhar prioridades, custos e atrasos.
A10: 7. Use os filtros | B10: Utilize os filtros da aba Tarefas para encontrar rapidamente atividades por responsável, cliente, prioridade ou status.
A11: 8. Proteja os dados | B11: Mantenha informações de clientes e responsáveis em conformidade com boas práticas de privacidade e LGPD.
A13: Legenda visual | B13: Amarelo-claro: campo para preenchimento manual. Verde e vermelho: destaques automáticos para acompanhamento.
